Little Stars vs Rampage
(R1)
Created - March 23, 2024 at 22:08
Goals
|
| Little Stars |
3 |
0 |
0 |
3 |
| Rampage |
2 |
0 |
2 |
4 |
|
Shots
|
| Little Stars |
13 |
12 |
13 |
38 |
| Rampage |
8 |
18 |
14 |
40 |
|
1st period
1. Little Stars , Joakim Nygard 27 (Ilya Mikheyev 57, Daniel O'regan 64) at 1:43 (PP)
2. Little Stars , Reece Willcox 5 (Daniel O'regan 65, Joakim Nygard 41) at 3:28
3. Little Stars , Ilya Mikheyev 29 (Daniel O'regan 66, Joakim Nygard 42) at 3:44
4. Rampage , Matt Roy 5 (Joachim Blichfeld 36, Dominik Simon 53) at 12:58
5. Rampage , Dominik Simon 33 (Joachim Blichfeld 37, Ethan Bear 39) at 13:38
Penalties :
Zach Stepan (San) for Tripping (Minor) at 0:43, Frederic Allard (San) for Tripping (Minor) at 13:51
2nd period
No Goal
Penalties :
Jason Dickinson (Tex) for Holding (Minor) at 0:42, Jason Dickinson (Tex) for Holding (Minor) at 11:27, Justin Auger (Tex) for Slashing (Minor) at 15:39, Rasmus Kupari (San) for Tripping (Minor) at 16:09
3rd period
6. Rampage , Dominik Simon 34 (Anthony Richard 30, Joachim Blichfeld 38) at 5:41
7. Rampage , Jordan Kyrou 40 (Pierre Engvall 20) at 13:14
Penalties :
Collin Miller (Tex) for Hooking (Minor) at 0:38, Jordan Kyrou (San) for High sticking (Minor) at 1:29, Artturi Lehkonen (San) for Hooking (Minor) at 16:40
Goalie Stats
Michael Houser (Tex), 36 saves from 40 shots - (0.900), L, 26-15-4, 59:05 minutes
Jake Oettinger (San), 35 saves from 38 shots - (0.921), W, 32-17-1, 60:00 minutes
Players Stats for Little Stars
Player Name G A P +/- PIM S H SB GA TA FO MP PP MP PK MP
------------------------------------------------------------------------------------
Cal Burke 0 0 0 0 0 0 0 0 0 0 0/1 7:25 0:00 0:00
Collin Miller 0 0 0 -1 2 1 2 5 0 1 0/0 26:50 4:26 2:41
Connor Mackey 0 0 0 -1 0 0 0 2 0 1 0/0 14:15 0:00 0:03
Daniel O'regan 0 3 3 0 0 4 0 0 0 1 22/37 23:29 3:15 3:26
Emile Poirier 0 0 0 -1 0 1 0 0 1 0 0/0 11:11 0:07 0:42
Evan Bouchard 0 0 0 -1 0 0 0 0 0 0 0/0 14:38 0:15 0:03
Filip Chytil 0 0 0 0 0 1 1 0 0 0 1/2 10:01 0:01 1:14
Ilya Mikheyev 1 1 2 0 0 6 3 0 0 0 0/1 18:13 3:15 0:00
Jason Dickinson 0 0 0 -1 4 2 1 0 0 1 4/9 15:52 2:57 0:20
Joakim Nygard 1 2 3 0 0 8 2 0 0 3 0/0 24:15 3:15 3:18
Jonathan Dahlen 0 0 0 0 0 4 0 0 0 0 0/0 7:25 0:00 0:00
Justin Auger 0 0 0 -1 2 0 0 0 0 0 0/0 11:19 0:07 0:00
Matt Luff 0 0 0 -1 0 1 2 0 0 0 0/1 15:16 2:52 0:00
Radel Fazleev 0 0 0 -1 0 1 1 0 0 0 3/4 10:05 0:00 0:09
Reece Willcox 1 0 1 -1 0 3 1 1 0 1 0/0 27:47 3:54 3:29
Shane Gersich 0 0 0 -1 0 2 0 0 1 0 0/1 17:19 2:57 1:29
Tucker Poolman 0 0 0 0 0 3 1 2 1 1 0/0 17:43 2:10 1:47
Ville Pokka 0 0 0 0 0 1 4 0 0 0 0/0 18:57 2:04 2:35
Players Stats for Rampage
Player Name G A P +/- PIM S H SB GA TA FO MP PP MP PK MP
------------------------------------------------------------------------------------
Anthony Richard 0 1 1 1 0 3 2 0 0 0 9/17 19:06 2:18 0:33
Artturi Lehkonen 0 0 0 1 2 2 0 0 0 1 0/0 12:01 0:00 0:44
Dominik Simon 2 1 3 1 0 5 1 0 1 0 4/5 21:18 3:01 0:42
Dylan Blujus 0 0 0 0 0 1 2 0 1 0 0/0 20:09 0:00 2:17
Dylan Sikura 0 0 0 1 0 1 3 1 0 0 1/1 13:36 0:00 1:51
Emil Bemstrom 0 0 0 -1 0 1 0 2 0 0 0/1 7:15 0:00 0:00
Ethan Bear 0 1 1 1 0 4 3 0 1 0 0/0 26:59 3:29 4:02
Frederic Allard 0 0 0 1 2 0 1 0 0 0 0/0 11:06 0:00 0:00
Jeremy Lauzon 0 0 0 1 0 3 2 1 0 0 0/0 23:38 3:29 2:17
Joachim Blichfeld 0 3 3 1 0 7 2 1 1 0 0/0 17:56 2:18 0:00
Jordan Kyrou 1 0 1 1 2 7 1 0 3 0 1/1 14:51 3:00 0:00
Matt Roy 1 0 1 2 0 1 1 1 0 0 0/0 18:49 1:50 0:19
Paul Cotter 0 0 0 -1 0 1 2 0 1 0 0/0 7:15 0:00 0:00
Pierre Engvall 0 1 1 1 0 0 1 1 0 2 1/2 17:51 2:18 3:46
Rasmus Kupari 0 0 0 -1 2 1 1 0 0 0 4/10 11:03 3:00 0:00
Sami Niku 0 0 0 -1 0 1 0 4 1 0 0/0 19:21 1:50 3:43
Trent Frederic 0 0 0 1 0 0 2 1 0 0 2/10 13:20 0:00 3:42
Zach Stepan 0 0 0 1 2 2 2 1 0 0 4/9 15:25 0:00 1:20
3 Stars
1 - Dominik Simon (San)
2 - Joakim Nygard (Tex)
3 - Joachim Blichfeld (San)
Power Play
Little Stars - 1 on 5 Attempt(s) - 20.00%
Rampage - 0 on 4 Attempt(s) - 0.00%
Penalty Kill
Little Stars - 4 on 4 Attempt(s) - 100.00%
- Score 0 goal in Penalty Kill
Rampage - 4 on 5 Attempt(s) - 80.00%
- Score 0 goal in Penalty Kill
Team Stat
Little Stars - Hits : 18 - Faceoff Wins : 30 - Blocked Shots : 10 - Penalty Minutes : 8
Rampage - Hits : 26 - Faceoff Wins : 26 - Blocked Shots : 13 - Penalty Minutes : 10
Official
Referees : Chris Lee and Kevin Pollock
Linesman : Travis Toomey and Trent Knorr
Game Notes
No Game Note
Finance
Level 1 -- Attendance: 1984 (99.20%) -- Ticket Income $138,880
Level 2 -- Attendance: 883 (88.30%) -- Ticket Income $35,320
Total Attendance: 2867 (95.57%)
Total Ticket Income: $174,200
Other Income: $8,710
Total Income: $182,910
Little Stars
5 vs 5 Forward
Center Left Wing Right Wing Time % Phy DF OF
1 Daniel O'regan Joakim Nygard Ilya Mikheyev 40 1 2 2
2 Jason Dickinson Shane Gersich Matt Luff 30 1 2 2
3 Radel Fazleev Emile Poirier Justin Auger 20 1 2 2
4 Filip Chytil Jonathan Dahlen Cal Burke 10 1 2 2
5 vs 5 Defense
Defense Defense Time % Phy DF OF
1 Collin Miller Reece Willcox 40 1 2 2
2 Tucker Poolman Ville Pokka 30 1 2 2
3 Evan Bouchard Connor Mackey 20 1 2 2
4 Collin Miller Reece Willcox 10 1 2 2
PowerPlay Forward
Center Left Wing Right Wing Time % Phy DF OF
1 Daniel O'regan Joakim Nygard Ilya Mikheyev 60 1 2 2
2 Jason Dickinson Shane Gersich Matt Luff 40 1 2 2
PowerPlay Defense
Defense Defense Time % Phy DF OF
1 Collin Miller Reece Willcox 60 1 2 2
2 Tucker Poolman Ville Pokka 40 1 2 2
Penalty Kill 4 Players Forward
Center Wing Time % Phy DF OF
1 Daniel O'regan Joakim Nygard 60 1 2 2
2 Jason Dickinson Shane Gersich 40 1 2 2
Penalty Kill 4 Players Defense
Defense Defense Time % Phy DF OF
1 Collin Miller Reece Willcox 60 1 2 2
2 Tucker Poolman Ville Pokka 40 1 2 2
Penalty Kill - 3 Players Forward
Forward Time % Phy DF OF
1 Daniel O'regan 60 1 2 2
2 Jason Dickinson 40 1 2 2
Penalty Kill - 3 Players Defense
Defense Defense Time % Phy DF OF
1 Collin Miller Reece Willcox 60 1 2 2
2 Tucker Poolman Ville Pokka 40 1 2 2
4 vs 4 Forward
Center Wing Time % Phy DF OF
1 Daniel O'regan Joakim Nygard 60 1 2 2
2 Jason Dickinson Shane Gersich 40 1 2 2
4 vs 4 Defense
Defense Defense Time % Phy DF OF
1 Collin Miller Reece Willcox 60 1 2 2
2 Tucker Poolman Ville Pokka 40 1 2 2
Last Minutes Offensive
Center Left Wing Right Wing Defense Defense
Daniel O'regan Joakim Nygard Ilya Mikheyev Collin Miller Reece Willcox
Last Minutes Defensive
Center Left Wing Right Wing Defense Defense
Daniel O'regan Joakim Nygard Ilya Mikheyev Collin Miller Reece Willcox
Goaltenders
Starting : Michael Houser
Backup : Danil Tarasov
Extra Forwards
Normal : Shane Gersich, Matt Luff, Emile Poirier - PP : Shane Gersich, Matt Luff - PK : Shane Gersich
Extra Defensemen
Normal : Ville Pokka, Evan Bouchard, Connor Mackey - PP : Ville Pokka - PK : Ville Pokka, Evan Bouchard
Penalty Shots
Ilya Mikheyev, Daniel O'regan, Joakim Nygard, Jason Dickinson, Shane Gersich
Custom OT Lines Forwards
Ilya Mikheyev, Daniel O'regan, Joakim Nygard, Jason Dickinson, Shane Gersich, Matt Luff, Emile Poirier, Justin Auger, Radel Fazleev, Jonathan Dahlen
Custom OT Lines Defensemen
Collin Miller, Reece Willcox, Tucker Poolman, Ville Pokka, Evan Bouchard
Scratches
Jack McBain (Healthy), Jean-Christophe Beaudin (Healthy), Lawrence Pilut (Healthy), Rudolfs Balcers (Healthy), Yakov Trenin (Healthy)
Joey Anderson (Healthy), Givani Smith (Healthy), Blade Jenkins (Healthy), Bulat Shafigullin (Healthy), Michael Giugovaz (Healthy)
Rampage
5 vs 5 Forward
Center Left Wing Right Wing Time % Phy DF OF
1 Anthony Richard Dominik Simon Joachim Blichfeld 40 1 2 2
2 Zach Stepan Pierre Engvall Jordan Kyrou 30 1 2 2
3 Trent Frederic Artturi Lehkonen Dylan Sikura 20 1 2 2
4 Rasmus Kupari Paul Cotter Emil Bemstrom 10 1 2 2
5 vs 5 Defense
Defense Defense Time % Phy DF OF
1 Jeremy Lauzon Ethan Bear 40 1 2 2
2 Dylan Blujus Sami Niku 30 1 2 2
3 Frederic Allard Matt Roy 20 1 2 2
4 Matt Roy Dylan Blujus 10 1 2 2
PowerPlay Forward
Center Left Wing Right Wing Time % Phy DF OF
1 Rasmus Kupari Dominik Simon Jordan Kyrou 60 1 2 2
2 Anthony Richard Pierre Engvall Joachim Blichfeld 40 1 2 2
PowerPlay Defense
Defense Defense Time % Phy DF OF
1 Ethan Bear Jeremy Lauzon 60 1 2 2
2 Sami Niku Matt Roy 40 1 2 2
Penalty Kill 4 Players Forward
Center Wing Time % Phy DF OF
1 Trent Frederic Pierre Engvall 60 1 2 2
2 Zach Stepan Dylan Sikura 40 1 2 2
Penalty Kill 4 Players Defense
Defense Defense Time % Phy DF OF
1 Ethan Bear Sami Niku 60 1 2 2
2 Dylan Blujus Jeremy Lauzon 40 1 2 2
Penalty Kill - 3 Players Forward
Forward Time % Phy DF OF
1 Trent Frederic 60 1 2 2
2 Pierre Engvall 40 1 2 2
Penalty Kill - 3 Players Defense
Defense Defense Time % Phy DF OF
1 Sami Niku Dylan Blujus 60 1 2 2
2 Jeremy Lauzon Ethan Bear 40 1 2 2
4 vs 4 Forward
Center Wing Time % Phy DF OF
1 Rasmus Kupari Dominik Simon 60 1 2 2
2 Zach Stepan Pierre Engvall 40 1 2 2
4 vs 4 Defense
Defense Defense Time % Phy DF OF
1 Matt Roy Ethan Bear 60 1 2 2
2 Dylan Blujus Jeremy Lauzon 40 1 2 2
Last Minutes Offensive
Center Left Wing Right Wing Defense Defense
Rasmus Kupari Dominik Simon Joachim Blichfeld Jeremy Lauzon Ethan Bear
Last Minutes Defensive
Center Left Wing Right Wing Defense Defense
Trent Frederic Pierre Engvall Dylan Sikura Ethan Bear Sami Niku
Goaltenders
Starting : Jake Oettinger
Backup : Magnus Hellberg
Extra Forwards
Normal : Dominik Simon, Dylan Sikura, Zach Stepan - PP : Trent Frederic, Jordan Kyrou - PK : Artturi Lehkonen
Extra Defensemen
Normal : Dylan Blujus, Ethan Bear, Sami Niku - PP : Matt Roy - PK : Frederic Allard, Matt Roy
Penalty Shots
Jordan Kyrou, Rasmus Kupari, Anthony Richard, Joachim Blichfeld, Dylan Sikura
Custom OT Lines Forwards
Dominik Simon, Pierre Engvall, Rasmus Kupari, Jordan Kyrou, Dylan Sikura, Anthony Richard, Joachim Blichfeld, Zach Stepan, Artturi Lehkonen, Paul Cotter
Custom OT Lines Defensemen
Ethan Bear, Dylan Blujus, Jeremy Lauzon, Matt Roy, Sami Niku
Scratches
Nathan Smith (Healthy), Henri Jokiharju (Healthy), Calen Addison (Healthy), Rourke Chartier (Broken Bone (Left Ankle) Injury), Warren Foegele (Healthy)
Grigori Denisenko (Healthy), Trey Fix-Wolansky (Healthy), Emil Larmi (Healthy)
% Time on Ice - Little Stars
Lines # - Real PCT - Wanted PCT - Time Play
Normal Forward
1 - 34% - 40% - 15:15
2 - 27% - 30% - 12:08
3 - 22% - 20% - 9:56
4 - 17% - 10% - 7:25
Normal Defense
1 - 37% - 40% - 16:46
2 - 29% - 30% - 13:00
3 - 31% - 20% - 13:54
4 - 2% - 10% - 1:04
PP Forward
1 - 53% - 60% - 3:22
2 - 47% - 40% - 2:57
PP Defense
1 - 66% - 60% - 4:09
2 - 34% - 40% - 2:10
PK Forward
1 - 75% - 60% - 4:00
2 - 25% - 40% - 1:19
PK Defense
1 - 66% - 60% - 3:32
2 - 34% - 40% - 1:47
PK3 Forward
1 - 0% - 60%
2 - 0% - 40%
PK3 Defense
1 - 0% - 60%
2 - 0% - 40%
44 Forward
1 - 82% - 60% - 2:09
2 - 18% - 40% - 0:28
44 Defense
1 - 71% - 60% - 1:51
2 - 29% - 40% - 0:46
Last Minute Offensive - 1:01
Last Minute Defensive - 0:00
Total
Forward - 60:00
Defense - 60:00
|
% Time on Ice - Rampage
Lines # - Real PCT - Wanted PCT - Time Play
Normal Forward
1 - 35% - 40% - 15:48
2 - 29% - 30% - 13:07
3 - 21% - 20% - 9:35
4 - 16% - 10% - 7:15
Normal Defense
1 - 37% - 40% - 17:04
2 - 30% - 30% - 13:42
3 - 24% - 20% - 11:04
4 - 9% - 10% - 3:55
PP Forward
1 - 57% - 60% - 3:01
2 - 43% - 40% - 2:18
PP Defense
1 - 66% - 60% - 3:29
2 - 34% - 40% - 1:50
PK Forward
1 - 70% - 60% - 4:27
2 - 30% - 40% - 1:52
PK Defense
1 - 64% - 60% - 4:02
2 - 36% - 40% - 2:17
PK3 Forward
1 - 0% - 60%
2 - 0% - 40%
PK3 Defense
1 - 0% - 60%
2 - 0% - 40%
44 Forward
1 - 94% - 60% - 2:27
2 - 6% - 40% - 0:10
44 Defense
1 - 61% - 60% - 1:35
2 - 39% - 40% - 1:02
Last Minute Offensive - 0:00
Last Minute Defensive - 0:00
Total
Forward - 60:00
Defense - 60:00
|
Play-by-Play
1st period
0:01 of 1st period - Daniel O'regan wins face-off versus Anthony Richard in neutral zone.
0:26 of 1st period - Jason Dickinson is hit by Zach Stepan and loses puck.
0:43 of 1st period - Minor Penalty to Zach Stepan for Tripping.
0:44 of 1st period - Daniel O'regan wins face-off versus Trent Frederic in Rampage zone.
0:51 of 1st period - Wrist shot by Ilya Mikheyev.
0:51 of 1st period - Stopped by Jake Oettinger with a rebound.
0:53 of 1st period - Snap shot by Ilya Mikheyev.
0:53 of 1st period - Stopped by Jake Oettinger without a rebound.
0:54 of 1st period - Daniel O'regan wins face-off versus Pierre Engvall in Rampage zone.
1:41 of 1st period - Snap shot by Ilya Mikheyev.
1:41 of 1st period - Shot Blocked by Sami Niku.
1:43 of 1st period - Snap shot by Joakim Nygard.
1:43 of 1st period - Goal by Joakim Nygard - Little Stars : 1 - Rampage : 0.
1:44 of 1st period - Dominik Simon wins face-off versus Radel Fazleev in neutral zone.
1:47 of 1st period - Emile Poirier is hit by Matt Roy.
2:08 of 1st period - Icing by Ville Pokka.
2:09 of 1st period - Radel Fazleev wins face-off versus Trent Frederic in Little Stars zone.
3:04 of 1st period - Snap shot by Dominik Simon.
3:04 of 1st period - Shot Blocked by Collin Miller.
3:06 of 1st period - Snap shot by Dominik Simon.
3:06 of 1st period - Shot Blocked by Collin Miller.
3:08 of 1st period - Snap shot by Dominik Simon.
3:08 of 1st period - Stopped by Michael Houser with a rebound.
3:26 of 1st period - Snap shot by Daniel O'regan.
3:26 of 1st period - Stopped by Jake Oettinger with a rebound.
3:28 of 1st period - Slapshot by Reece Willcox.
3:28 of 1st period - Goal by Reece Willcox - Little Stars : 2 - Rampage : 0.
3:29 of 1st period - Anthony Richard wins face-off versus Daniel O'regan in neutral zone.
3:44 of 1st period - Snap shot by Ilya Mikheyev.
3:44 of 1st period - Goal by Ilya Mikheyev - Little Stars : 3 - Rampage : 0.
3:45 of 1st period - Pierre Engvall wins face-off versus Jason Dickinson in neutral zone.
5:22 of 1st period - Slapshot by Jeremy Lauzon.
5:22 of 1st period - Stopped by Michael Houser with a rebound.
5:32 of 1st period - Slapshot by Radel Fazleev.
5:32 of 1st period - Shot Misses the Net.
5:34 of 1st period - Slapshot by Ville Pokka.
5:34 of 1st period - Stopped by Jake Oettinger with a rebound.
5:42 of 1st period - Snap shot by Emile Poirier.
5:42 of 1st period - Stopped by Jake Oettinger with a rebound.
5:44 of 1st period - Slapshot by Tucker Poolman.
5:44 of 1st period - Shot Misses the Net.
5:46 of 1st period - Snap shot by Emile Poirier.
5:46 of 1st period - Shot Hit the Post.
5:50 of 1st period - Slapshot by Emile Poirier.
5:50 of 1st period - Shot Misses the Net.
5:52 of 1st period - Snap shot by Emile Poirier.
5:52 of 1st period - Shot Blocked by Emil Bemstrom.
5:54 of 1st period - Slapshot by Tucker Poolman.
5:54 of 1st period - Deflect By Jeremy Lauzon.
5:54 of 1st period - Stopped by Jake Oettinger without a rebound.
5:55 of 1st period - Anthony Richard wins face-off versus Daniel O'regan in Rampage zone.
7:03 of 1st period - Dylan Blujus is hit by Ilya Mikheyev.
7:27 of 1st period - Wrist shot by Jordan Kyrou.
7:27 of 1st period - Stopped by Michael Houser without a rebound.
7:28 of 1st period - Zach Stepan wins face-off versus Cal Burke in Little Stars zone.
7:44 of 1st period - Icing by Pierre Engvall.
7:45 of 1st period - Daniel O'regan wins face-off versus Zach Stepan in Rampage zone.
8:12 of 1st period - Sami Niku is hit by Jason Dickinson and loses puck.
8:45 of 1st period - Emile Poirier is hit by Dylan Sikura and loses puck.
9:16 of 1st period - Jeremy Lauzon is hit by Collin Miller and loses puck.
9:23 of 1st period - Wrist shot by Joakim Nygard.
9:23 of 1st period - Shot Blocked by Emil Bemstrom.
9:43 of 1st period - Jason Dickinson is hit by Joachim Blichfeld and loses puck.
9:48 of 1st period - Wrist shot by Dominik Simon.
9:48 of 1st period - Shot Blocked by Tucker Poolman.
9:58 of 1st period - Dylan Sikura is hit by Ville Pokka and loses puck.
10:53 of 1st period - Connor Mackey is hit by Dylan Blujus.
11:29 of 1st period - Wrist shot by Joakim Nygard.
11:29 of 1st period - Stopped by Jake Oettinger with a rebound.
11:41 of 1st period - Jonathan Dahlen is hit by Jordan Kyrou and loses puck.
11:47 of 1st period - Icing by Jonathan Dahlen.
11:48 of 1st period - Filip Chytil wins face-off versus Anthony Richard in Little Stars zone.
12:08 of 1st period - Off-side.
12:09 of 1st period - Daniel O'regan wins face-off versus Zach Stepan in neutral zone.
12:16 of 1st period - Pierre Engvall is hit by Joakim Nygard and loses puck.
12:56 of 1st period - Wrist shot by Joachim Blichfeld.
12:56 of 1st period - Stopped by Michael Houser with a rebound.
12:58 of 1st period - Wrist shot by Matt Roy.
12:58 of 1st period - Goal by Matt Roy - Little Stars : 3 - Rampage : 1.
12:59 of 1st period - Dominik Simon wins face-off versus Daniel O'regan in neutral zone.
13:06 of 1st period - Snap shot by Joachim Blichfeld.
13:06 of 1st period - Stopped by Michael Houser without a rebound.
13:07 of 1st period - Anthony Richard wins face-off versus Daniel O'regan in Little Stars zone.
13:28 of 1st period - Wrist shot by Joachim Blichfeld.
13:28 of 1st period - Stopped by Michael Houser with a rebound.
13:36 of 1st period - Slapshot by Joachim Blichfeld.
13:36 of 1st period - Shot Blocked by Collin Miller.
13:38 of 1st period - Slapshot by Dominik Simon.
13:38 of 1st period - Goal by Dominik Simon - Little Stars : 3 - Rampage : 2.
13:39 of 1st period - Anthony Richard wins face-off versus Jason Dickinson in neutral zone.
13:51 of 1st period - Minor Penalty to Frederic Allard for Tripping.
13:52 of 1st period - Daniel O'regan wins face-off versus Trent Frederic in Rampage zone.
13:52 of 1st period - Snap shot by Ilya Mikheyev.
13:52 of 1st period - Deflect By Joakim Nygard.
13:52 of 1st period - Stopped by Jake Oettinger with a rebound.
13:54 of 1st period - Snap shot by Joakim Nygard.
13:54 of 1st period - Deflect By Ilya Mikheyev.
13:54 of 1st period - Stopped by Jake Oettinger with a rebound.
14:27 of 1st period - Slapshot by Collin Miller.
14:27 of 1st period - Deflect By Shane Gersich.
14:27 of 1st period - Stopped by Jake Oettinger with a rebound.
14:45 of 1st period - Slapshot by Ethan Bear.
14:45 of 1st period - Shot Blocked by Reece Willcox.
14:57 of 1st period - Backhand shot by Jason Dickinson.
14:57 of 1st period - Deflect By Shane Gersich.
14:57 of 1st period - Shot Misses the Net.
14:57 of 1st period - Puck is out of play.
14:58 of 1st period - Daniel O'regan wins face-off versus Trent Frederic in Rampage zone.
15:51 of 1st period - Penalty to Frederic Allard is over, Frederic Allard is back on ice.
16:27 of 1st period - Filip Chytil is hit by Anthony Richard and loses puck.
17:23 of 1st period - Snap shot by Shane Gersich.
17:23 of 1st period - Shot Misses the Net.
17:29 of 1st period - Shane Gersich is hit by Jeremy Lauzon and loses puck.
18:37 of 1st period - Joakim Nygard is hit by Jeremy Lauzon and loses puck.
19:52 of 1st period - Icing by Tucker Poolman.
19:53 of 1st period - Radel Fazleev wins face-off versus Trent Frederic in Little Stars zone.
Goals for this period are 3 for Little Stars vs 2 for Rampage.
Shots for this period are 13 for Little Stars vs 8 for Rampage.
2nd period
0:01 of 2nd period - Daniel O'regan wins face-off versus Anthony Richard in neutral zone.
0:08 of 2nd period - Backhand shot by Joakim Nygard.
0:08 of 2nd period - Stopped by Jake Oettinger without a rebound.
0:09 of 2nd period - Daniel O'regan wins face-off versus Anthony Richard in Rampage zone.
0:32 of 2nd period - Slapshot by Daniel O'regan.
0:32 of 2nd period - Deflect By Joakim Nygard.
0:32 of 2nd period - Shot Misses the Net.
0:32 of 2nd period - Puck is out of play.
0:33 of 2nd period - Jason Dickinson wins face-off versus Zach Stepan in Rampage zone.
0:40 of 2nd period - Wrist shot by Zach Stepan.
0:40 of 2nd period - Stopped by Michael Houser with a rebound.
0:42 of 2nd period - Minor Penalty to Jason Dickinson for Holding.
0:43 of 2nd period - Daniel O'regan wins face-off versus Rasmus Kupari in Little Stars zone.
1:08 of 2nd period - Daniel O'regan is hit by Ethan Bear and loses puck.
1:17 of 2nd period - Wrist shot by Sami Niku.
1:17 of 2nd period - Stopped by Michael Houser without a rebound.
1:18 of 2nd period - Rasmus Kupari wins face-off versus Daniel O'regan in Little Stars zone.
1:29 of 2nd period - Snap shot by Dominik Simon.
1:29 of 2nd period - Shot Misses the Net.
1:33 of 2nd period - Wrist shot by Rasmus Kupari.
1:33 of 2nd period - Stopped by Michael Houser without a rebound.
1:34 of 2nd period - Daniel O'regan wins face-off versus Rasmus Kupari in Little Stars zone.
1:45 of 2nd period - Slapshot by Ethan Bear.
1:45 of 2nd period - Stopped by Michael Houser with a rebound.
1:47 of 2nd period - Snap shot by Jordan Kyrou.
1:47 of 2nd period - Shot Misses the Net.
2:42 of 2nd period - Penalty to Jason Dickinson is over, Jason Dickinson is back on ice.
4:04 of 2nd period - Emil Bemstrom is hit by Ville Pokka and loses puck.
4:15 of 2nd period - Radel Fazleev is hit by Zach Stepan and loses puck.
4:32 of 2nd period - Wrist shot by Dominik Simon.
4:32 of 2nd period - Shot Misses the Net.
4:34 of 2nd period - Wrist shot by Joachim Blichfeld.
4:34 of 2nd period - Stopped by Michael Houser without a rebound.
4:35 of 2nd period - Anthony Richard wins face-off versus Daniel O'regan in Little Stars zone.
4:38 of 2nd period - Snap shot by Joachim Blichfeld.
4:38 of 2nd period - Shot Blocked by Collin Miller.
5:15 of 2nd period - Wrist shot by Daniel O'regan.
5:15 of 2nd period - Shot Blocked by Jeremy Lauzon.
5:17 of 2nd period - Snap shot by Daniel O'regan.
5:17 of 2nd period - Stopped by Jake Oettinger with a rebound.
5:27 of 2nd period - Snap shot by Joachim Blichfeld.
5:27 of 2nd period - Stopped by Michael Houser with a rebound.
5:33 of 2nd period - Wrist shot by Anthony Richard.
5:33 of 2nd period - Stopped by Michael Houser with a rebound.
5:35 of 2nd period - Snap shot by Joachim Blichfeld.
5:35 of 2nd period - Shot Misses the Net.
5:37 of 2nd period - Snap shot by Jeremy Lauzon.
5:37 of 2nd period - Deflect By Joakim Nygard.
5:37 of 2nd period - Stopped by Michael Houser without a rebound.
5:38 of 2nd period - Zach Stepan wins face-off versus Shane Gersich in Little Stars zone.
6:26 of 2nd period - Wrist shot by Jonathan Dahlen.
6:26 of 2nd period - Stopped by Jake Oettinger with a rebound.
6:28 of 2nd period - Snap shot by Cal Burke.
6:28 of 2nd period - Shot Blocked by Matt Roy.
6:30 of 2nd period - Slapshot by Collin Miller.
6:30 of 2nd period - Shot Misses the Net.
6:32 of 2nd period - Slapshot by Collin Miller.
6:32 of 2nd period - Deflect By Jonathan Dahlen.
6:32 of 2nd period - Stopped by Jake Oettinger with a rebound.
6:34 of 2nd period - Slapshot by Cal Burke.
6:34 of 2nd period - Shot Misses the Net.
6:36 of 2nd period - Backhand shot by Reece Willcox.
6:36 of 2nd period - Deflect By Jonathan Dahlen.
6:36 of 2nd period - Shot Misses the Net.
6:36 of 2nd period - Puck is out of play.
6:37 of 2nd period - Jason Dickinson wins face-off versus Zach Stepan in Rampage zone.
7:02 of 2nd period - Artturi Lehkonen is hit by Radel Fazleev and loses puck.
7:08 of 2nd period - Icing by Jeremy Lauzon.
7:09 of 2nd period - Daniel O'regan wins face-off versus Trent Frederic in Rampage zone.
7:12 of 2nd period - Snap shot by Ilya Mikheyev.
7:12 of 2nd period - Shot Blocked by Dylan Sikura.
7:22 of 2nd period - Snap shot by Dylan Sikura.
7:22 of 2nd period - Shot Blocked by Connor Mackey.
7:24 of 2nd period - Slapshot by Ethan Bear.
7:24 of 2nd period - Deflect By Ilya Mikheyev.
7:24 of 2nd period - Stopped by Michael Houser with a rebound.
7:26 of 2nd period - Wrist shot by Artturi Lehkonen.
7:26 of 2nd period - Shot Hit the Post.
7:28 of 2nd period - Snap shot by Artturi Lehkonen.
7:28 of 2nd period - Stopped by Michael Houser without a rebound.
7:29 of 2nd period - Jason Dickinson wins face-off versus Anthony Richard in Little Stars zone.
7:44 of 2nd period - Wrist shot by Matt Luff.
7:44 of 2nd period - Stopped by Jake Oettinger with a rebound.
8:28 of 2nd period - Snap shot by Ilya Mikheyev.
8:28 of 2nd period - Shot Hit the Post.
8:50 of 2nd period - Wrist shot by Jonathan Dahlen.
8:50 of 2nd period - Stopped by Jake Oettinger with a rebound.
8:56 of 2nd period - Snap shot by Jonathan Dahlen.
8:56 of 2nd period - Deflect By Jeremy Lauzon.
8:56 of 2nd period - Stopped by Jake Oettinger with a rebound.
9:51 of 2nd period - Connor Mackey is hit by Dominik Simon and loses puck.
10:08 of 2nd period - Evan Bouchard is hit by Paul Cotter and loses puck.
10:29 of 2nd period - Wrist shot by Artturi Lehkonen.
10:29 of 2nd period - Stopped by Michael Houser with a rebound.
11:03 of 2nd period - Wrist shot by Daniel O'regan.
11:03 of 2nd period - Stopped by Jake Oettinger with a rebound.
11:05 of 2nd period - Slapshot by Ilya Mikheyev.
11:05 of 2nd period - Shot Blocked by Sami Niku.
11:07 of 2nd period - Snap shot by Ilya Mikheyev.
11:07 of 2nd period - Stopped by Jake Oettinger without a rebound.
11:08 of 2nd period - Jordan Kyrou wins face-off versus Daniel O'regan in Rampage zone.
11:08 of 2nd period - Jordan Kyrou is hit by Ville Pokka.
11:22 of 2nd period - Snap shot by Jordan Kyrou.
11:22 of 2nd period - Stopped by Michael Houser without a rebound.
11:23 of 2nd period - Anthony Richard wins face-off versus Jason Dickinson in Little Stars zone.
11:27 of 2nd period - Minor Penalty to Jason Dickinson for Holding.
11:28 of 2nd period - Daniel O'regan wins face-off versus Rasmus Kupari in Little Stars zone.
11:28 of 2nd period - Daniel O'regan is hit by Rasmus Kupari.
11:39 of 2nd period - Snap shot by Jeremy Lauzon.
11:39 of 2nd period - Shot Misses the Net.
11:41 of 2nd period - Snap shot by Rasmus Kupari.
11:41 of 2nd period - Shot Blocked by Collin Miller.
11:43 of 2nd period - Snap shot by Jordan Kyrou.
11:43 of 2nd period - Stopped by Michael Houser with a rebound.
13:27 of 2nd period - Penalty to Jason Dickinson is over, Jason Dickinson is back on ice.
14:16 of 2nd period - Ilya Mikheyev is hit by Dylan Blujus and loses puck.
15:18 of 2nd period - Anthony Richard is hit by Matt Luff and loses puck.
15:39 of 2nd period - Minor Penalty to Justin Auger for Slashing.
15:40 of 2nd period - Dominik Simon wins face-off versus Daniel O'regan in Little Stars zone.
15:40 of 2nd period - Snap shot by Jordan Kyrou.
15:40 of 2nd period - Shot Misses the Net.
15:42 of 2nd period - Wrist shot by Rasmus Kupari.
15:42 of 2nd period - Deflect By Jordan Kyrou.
15:42 of 2nd period - Stopped by Michael Houser without a rebound.
15:43 of 2nd period - Rasmus Kupari wins face-off versus Daniel O'regan in Little Stars zone.
15:53 of 2nd period - Slapshot by Jordan Kyrou.
15:53 of 2nd period - Shot Misses the Net.
15:55 of 2nd period - Wrist shot by Jordan Kyrou.
15:55 of 2nd period - Stopped by Michael Houser without a rebound.
15:56 of 2nd period - Rasmus Kupari wins face-off versus Daniel O'regan in Little Stars zone.
16:09 of 2nd period - Minor Penalty to Rasmus Kupari for Tripping.
16:10 of 2nd period - Dylan Sikura wins face-off versus Daniel O'regan in Rampage zone.
16:53 of 2nd period - Wrist shot by Shane Gersich.
16:53 of 2nd period - Shot Misses the Net.
16:55 of 2nd period - Slapshot by Jason Dickinson.
16:55 of 2nd period - Stopped by Jake Oettinger with a rebound.
16:57 of 2nd period - Slapshot by Collin Miller.
16:57 of 2nd period - Stopped by Jake Oettinger with a rebound.
17:11 of 2nd period - Dylan Blujus is hit by Joakim Nygard and loses puck.
17:39 of 2nd period - Penalty to Justin Auger is over, Justin Auger is back on ice.
17:56 of 2nd period - Ville Pokka is hit by Trent Frederic and loses puck.
18:09 of 2nd period - Penalty to Rasmus Kupari is over, Rasmus Kupari is back on ice.
18:24 of 2nd period - Wrist shot by Paul Cotter.
18:24 of 2nd period - Deflect By Radel Fazleev.
18:24 of 2nd period - Stopped by Michael Houser with a rebound.
19:00 of 2nd period - Connor Mackey is hit by Joachim Blichfeld and loses puck.
19:09 of 2nd period - Snap shot by Joachim Blichfeld.
19:09 of 2nd period - Stopped by Michael Houser without a rebound.
19:10 of 2nd period - Rasmus Kupari wins face-off versus Jason Dickinson in Little Stars zone.
19:11 of 2nd period - Snap shot by Emil Bemstrom.
19:11 of 2nd period - Stopped by Michael Houser without a rebound.
19:12 of 2nd period - Jason Dickinson wins face-off versus Emil Bemstrom in Little Stars zone.
19:19 of 2nd period - Slapshot by Reece Willcox.
19:19 of 2nd period - Stopped by Jake Oettinger with a rebound.
19:37 of 2nd period - Jeremy Lauzon is hit by Reece Willcox and loses puck.
Goals for this period are 0 for Little Stars vs 0 for Rampage.
Shots for this period are 12 for Little Stars vs 18 for Rampage.
3rd period
0:01 of 3rd period - Daniel O'regan wins face-off versus Anthony Richard in neutral zone.
0:26 of 3rd period - Pierre Engvall is hit by Matt Luff and loses puck.
0:38 of 3rd period - Minor Penalty to Collin Miller for Hooking.
0:39 of 3rd period - Daniel O'regan wins face-off versus Rasmus Kupari in Little Stars zone.
0:39 of 3rd period - Daniel O'regan is hit by Ethan Bear.
1:19 of 3rd period - Slapshot by Shane Gersich.
1:19 of 3rd period - Shot Blocked by Pierre Engvall.
1:29 of 3rd period - Minor Penalty to Jordan Kyrou for High sticking.
1:30 of 3rd period - Daniel O'regan wins face-off versus Rasmus Kupari in Rampage zone.
1:43 of 3rd period - Wrist shot by Joakim Nygard.
1:43 of 3rd period - Stopped by Jake Oettinger with a rebound.
1:45 of 3rd period - Wrist shot by Daniel O'regan.
1:45 of 3rd period - Stopped by Jake Oettinger without a rebound.
1:46 of 3rd period - Daniel O'regan wins face-off versus Rasmus Kupari in Rampage zone.
1:53 of 3rd period - Snap shot by Joakim Nygard.
1:53 of 3rd period - Shot Misses the Net.
1:55 of 3rd period - Wrist shot by Joakim Nygard.
1:55 of 3rd period - Stopped by Jake Oettinger with a rebound.
1:57 of 3rd period - Wrist shot by Tucker Poolman.
1:57 of 3rd period - Stopped by Jake Oettinger with a rebound.
1:59 of 3rd period - Slapshot by Tucker Poolman.
1:59 of 3rd period - Stopped by Jake Oettinger without a rebound.
2:00 of 3rd period - Daniel O'regan wins face-off versus Dominik Simon in Rampage zone.
2:33 of 3rd period - Slapshot by Jeremy Lauzon.
2:33 of 3rd period - Stopped by Michael Houser with a rebound.
2:38 of 3rd period - Penalty to Collin Miller is over, Collin Miller is back on ice.
2:48 of 3rd period - Ville Pokka is hit by Trent Frederic.
2:58 of 3rd period - Backhand shot by Jason Dickinson.
2:58 of 3rd period - Deflect By Shane Gersich.
2:58 of 3rd period - Stopped by Jake Oettinger with a rebound.
3:28 of 3rd period - Zach Stepan is hit by Collin Miller and loses puck.
3:29 of 3rd period - Penalty to Jordan Kyrou is over, Jordan Kyrou is back on ice.
3:39 of 3rd period - Slapshot by Dylan Sikura.
3:39 of 3rd period - Stopped by Michael Houser with a rebound.
3:41 of 3rd period - Snap shot by Zach Stepan.
3:41 of 3rd period - Deflect By Dylan Sikura.
3:41 of 3rd period - Shot Misses the Net.
3:41 of 3rd period - Puck is out of play.
3:42 of 3rd period - Dominik Simon wins face-off versus Daniel O'regan in Little Stars zone.
3:47 of 3rd period - Wrist shot by Dominik Simon.
3:47 of 3rd period - Shot Hit the Post.
3:49 of 3rd period - Snap shot by Anthony Richard.
3:49 of 3rd period - Shot Blocked by Connor Mackey.
3:51 of 3rd period - Wrist shot by Anthony Richard.
3:51 of 3rd period - Stopped by Michael Houser without a rebound.
3:52 of 3rd period - Anthony Richard wins face-off versus Ilya Mikheyev in Little Stars zone.
4:17 of 3rd period - Wrist shot by Joakim Nygard.
4:17 of 3rd period - Shot Misses the Net.
5:01 of 3rd period - Snap shot by Dominik Simon.
5:01 of 3rd period - Stopped by Michael Houser with a rebound.
5:05 of 3rd period - Slapshot by Dominik Simon.
5:05 of 3rd period - Stopped by Michael Houser with a rebound.
5:07 of 3rd period - Snap shot by Anthony Richard.
5:07 of 3rd period - Stopped by Michael Houser with a rebound.
5:09 of 3rd period - Slapshot by Dylan Blujus.
5:09 of 3rd period - Stopped by Michael Houser with a rebound.
5:41 of 3rd period - Wrist shot by Dominik Simon.
5:41 of 3rd period - Goal by Dominik Simon - Little Stars : 3 - Rampage : 3.
5:42 of 3rd period - Zach Stepan wins face-off versus Matt Luff in neutral zone.
5:57 of 3rd period - Snap shot by Shane Gersich.
5:57 of 3rd period - Shot Misses the Net.
6:36 of 3rd period - Slapshot by Jason Dickinson.
6:36 of 3rd period - Shot Misses the Net.
6:38 of 3rd period - Wrist shot by Matt Luff.
6:38 of 3rd period - Shot Misses the Net.
6:52 of 3rd period - Snap shot by Zach Stepan.
6:52 of 3rd period - Stopped by Michael Houser without a rebound.
6:53 of 3rd period - Radel Fazleev wins face-off versus Zach Stepan in Little Stars zone.
6:56 of 3rd period - Wrist shot by Jordan Kyrou.
6:56 of 3rd period - Shot Blocked by Tucker Poolman.
7:20 of 3rd period - Tucker Poolman is hit by Dylan Sikura and loses puck.
7:54 of 3rd period - Justin Auger is hit by Paul Cotter and loses puck.
8:45 of 3rd period - Collin Miller is hit by Dylan Sikura and loses puck.
9:02 of 3rd period - Jason Dickinson is hit by Pierre Engvall and loses puck.
10:28 of 3rd period - Artturi Lehkonen is hit by Ilya Mikheyev and loses puck.
10:41 of 3rd period - Slapshot by Ethan Bear.
10:41 of 3rd period - Stopped by Michael Houser without a rebound.
10:42 of 3rd period - Zach Stepan wins face-off versus Filip Chytil in Little Stars zone.
10:43 of 3rd period - Slapshot by Ethan Bear.
10:43 of 3rd period - Stopped by Michael Houser with a rebound.
10:55 of 3rd period - Snap shot by Jordan Kyrou.
10:55 of 3rd period - Stopped by Michael Houser with a rebound.
11:14 of 3rd period - Collin Miller is hit by Anthony Richard and loses puck.
11:29 of 3rd period - Jason Dickinson is hit by Frederic Allard and loses puck.
11:36 of 3rd period - Slapshot by Rasmus Kupari.
11:36 of 3rd period - Shot Misses the Net.
11:38 of 3rd period - Wrist shot by Paul Cotter.
11:38 of 3rd period - Shot Misses the Net.
12:33 of 3rd period - Sami Niku is hit by Filip Chytil and loses puck.
12:40 of 3rd period - Wrist shot by Filip Chytil.
12:40 of 3rd period - Stopped by Jake Oettinger without a rebound.
12:41 of 3rd period - Anthony Richard wins face-off versus Daniel O'regan in Rampage zone.
12:41 of 3rd period - Anthony Richard is hit by Ilya Mikheyev.
13:14 of 3rd period - Slapshot by Jordan Kyrou.
13:14 of 3rd period - Goal by Jordan Kyrou - Little Stars : 3 - Rampage : 4.
13:15 of 3rd period - Daniel O'regan wins face-off versus Anthony Richard in neutral zone.
13:18 of 3rd period - Wrist shot by Joakim Nygard.
13:18 of 3rd period - Shot Blocked by Joachim Blichfeld.
13:21 of 3rd period - Icing by Anthony Richard.
13:22 of 3rd period - Anthony Richard wins face-off versus Daniel O'regan in Rampage zone.
13:33 of 3rd period - Wrist shot by Joachim Blichfeld.
13:33 of 3rd period - Stopped by Michael Houser without a rebound.
13:34 of 3rd period - Daniel O'regan wins face-off versus Anthony Richard in Little Stars zone.
14:18 of 3rd period - Icing by Shane Gersich.
14:19 of 3rd period - Trent Frederic wins face-off versus Jason Dickinson in Little Stars zone.
15:15 of 3rd period - Snap shot by Jason Dickinson.
15:15 of 3rd period - Stopped by Jake Oettinger with a rebound.
15:19 of 3rd period - Snap shot by Matt Luff.
15:19 of 3rd period - Deflect By Shane Gersich.
15:19 of 3rd period - Shot Misses the Net.
15:19 of 3rd period - Puck is out of play.
15:20 of 3rd period - Trent Frederic wins face-off versus Daniel O'regan in Rampage zone.
15:45 of 3rd period - Jeremy Lauzon is hit by Ville Pokka and loses puck.
16:16 of 3rd period - Slapshot by Radel Fazleev.
16:16 of 3rd period - Shot Blocked by Sami Niku.
16:18 of 3rd period - Wrist shot by Radel Fazleev.
16:18 of 3rd period - Stopped by Jake Oettinger without a rebound.
16:19 of 3rd period - Daniel O'regan wins face-off versus Trent Frederic in Rampage zone.
16:28 of 3rd period - Snap shot by Joakim Nygard.
16:28 of 3rd period - Stopped by Jake Oettinger with a rebound.
16:30 of 3rd period - Wrist shot by Ilya Mikheyev.
16:30 of 3rd period - Shot Blocked by Trent Frederic.
16:40 of 3rd period - Minor Penalty to Artturi Lehkonen for Hooking.
16:41 of 3rd period - Daniel O'regan wins face-off versus Trent Frederic in Rampage zone.
16:42 of 3rd period - Wrist shot by Ilya Mikheyev.
16:42 of 3rd period - Stopped by Jake Oettinger with a rebound.
16:44 of 3rd period - Slapshot by Joakim Nygard.
16:44 of 3rd period - Stopped by Jake Oettinger with a rebound.
16:46 of 3rd period - Slapshot by Reece Willcox.
16:46 of 3rd period - Stopped by Jake Oettinger with a rebound.
16:54 of 3rd period - Slapshot by Daniel O'regan.
16:54 of 3rd period - Shot Misses the Net.
16:56 of 3rd period - Wrist shot by Joakim Nygard.
16:56 of 3rd period - Shot Blocked by Sami Niku.
18:40 of 3rd period - Penalty to Artturi Lehkonen is over, Artturi Lehkonen is back on ice.
18:42 of 3rd period - Justin Auger is hit by Ethan Bear and loses puck.
18:54 of 3rd period - Frederic Allard is hit by Tucker Poolman and loses puck.
19:05 of 3rd period - Little Stars, Michael Houser is pulled from the net.
19:51 of 3rd period - Snap shot by Joakim Nygard.
19:51 of 3rd period - Shot Blocked by Zach Stepan.
Goals for this period are 0 for Little Stars vs 2 for Rampage.
Shots for this period are 13 for Little Stars vs 14 for Rampage.